 Dungeon Crawl Stone Soup version 0.29-a0-319-gad05b8d819 (webtiles) character file.

Game seed: 16524250798786728086

6241 Flugkiller the Transmogrifier (level 10, -5/94 HPs)
             Began as a Mayflytaur Chaos Knight on Apr 1, 2022.
             Was a Plaything of Xom.
             Slain by a yak (9 damage)
             ... on level 9 of the Dungeon.
             The game lasted 00:28:41 (3123 turns).

Flugkiller the Transmogrifier (MyCK)                Turns: 3123, Time: 00:28:42

Health: -5/94      AC:  6    Str: 15    XL:     10   Next: 93%
Magic:  0/18       EV: 14    Int: 18    God:    Xom [......]
Gold:   535        SH:  0    Dex: 18    Spells: 6/19 levels left

rFire   . . .      SeeInvis .   L - +7 fustibalus "Reogecs" {vorpal, rC++ Stlth-}
rCold   + + +      Faith    .   (no shield)
rNeg    + . .      Spirit   +   A - +3 leather armour
rPois   .          Reflect  .   G - +0 helmet
rElec   .          Harm     .   (no cloak)
rCorr   .          Rampage  .   (no gloves)
Will    +++..                   k - +0 pair of boots
Stlth   ..........              O - amulet of guardian spirit
HPRegen 0.25/turn               u - ring of Irghuzea {rC+ rN+ Will+ Dex+5 Stlth-}
MPRegen 0.32/turn               m - ring of willpower

@: flying
A: damage resistance, big wings, sense surroundings 2, magic regeneration, short
lifespan, deformed body
a: Renounce Religion


You were on level 9 of the Dungeon.
You worshipped Xom.
You were a very special plaything of Xom.
You visited 1 branch of the dungeon, and saw 9 of its levels.
You also visited: Sewer and Bailey.

You collected 682 gold pieces.
You spent 147 gold pieces at shops.

Inventory:

Hand Weapons
 a - a +0 hand axe of chaos
 f - a +1 dagger of electrocution
   (You took it off a goblin on level 1 of the Dungeon)
 o - a +1 flail of protection
   (You found it on level 2 of the Dungeon)
 x - a +0 war axe
   (You found it on level 3 of the Dungeon)
 I - a +1 broad axe of freezing
   (You bought it in a shop on level 7 of the Dungeon)
 L - the +7 fustibalus "Reogecs" (weapon) {vorpal, rC++ Stlth-}
   (You found it in a bailey)

   Any ammunition fired from it inflicts extra damage upon your enemies.
   rC:        It greatly protects you from cold.
   Stlth:     It makes you less stealthy.
Missiles
 t - 125 stones
Armour
 k - a +0 pair of boots (worn)
   (You found it on level 2 of the Dungeon)
 l - a +0 chain mail
   (You found it on level 2 of the Dungeon)
 A - a +3 leather armour (worn)
   (You took it off an orc on level 4 of the Dungeon)
 G - a +0 helmet (worn)
   (You found it on level 6 of the Dungeon)
Jewellery
 g - a ring of resist corrosion
   (You found it on level 5 of the Dungeon)
 m - a ring of willpower (right hand)
   (You found it on level 6 of the Dungeon)
 p - a ring of protection from cold
   (You found it on level 5 of the Dungeon)
 u - the ring of Irghuzea (left hand) {rC+ rN+ Will+ Dex+5 Stlth-}
   (You found it in a bailey)

   [ring of positive energy]

   Dex:       It affects your dexterity (+5).
   rC:        It protects you from cold.
   rN:        It protects you from negative energy.
   Will:      It increases your willpower.
   Stlth:     It makes you less stealthy.
 O - an amulet of guardian spirit (around neck)
   (You found it on level 5 of the Dungeon)
Wands
 w - a wand of charming (4)
   (You found it on level 8 of the Dungeon)
 E - a wand of paralysis (1)
   (You found it on level 5 of the Dungeon)
 H - a wand of digging (6)
   (You found it on level 6 of the Dungeon)
Scrolls
 i - a scroll of amnesia
 n - a scroll of enchant armour
 v - a scroll of silence
 y - a scroll of vulnerability {unknown}
 z - 3 scrolls of teleportation {unknown}
 B - a scroll of brand weapon {unknown}
 D - a scroll of fear {unknown}
 F - a scroll of noise
 J - a scroll of acquirement {unknown}
 K - 2 scrolls of blinking {unknown}
 M - a scroll of fog {unknown}
Potions
 b - a potion of ambrosia {unknown}
 d - 3 potions of might
 e - a potion of attraction {unknown}
 h - 2 potions of haste
 j - 3 potions of mutation
 q - a potion of cancellation
 s - a potion of degeneration {unknown}
 C - a potion of brilliance {unknown}
 N - a potion of resistance {unknown}
Miscellaneous
 c - a piece from Xom's chessboard (15/15)


   Skills:
 - Level 7.0 Fighting
 - Level 5.0 Axes
 - Level 2.1 Armour
 - Level 5.0 Dodging
 - Level 7.2 Unarmed Combat
 - Level 5.0 Spellcasting
 - Level 4.0 Conjurations
 - Level 1.0 Translocations
 + Level 9.4 Transmutations
 - Level 4.0 Ice Magic
 - Level 6.0 Earth Magic
 - Level 3.0 Evocations


You had 6 spell levels left.
You knew the following spells:

 Your Spells              Type           Power      Damage    Failure   Level
a - Sandblast             Erth           52%        2d12      1%          1
b - Stone Arrow           Conj/Erth      44%        3d9       6%          3
c - Frozen Ramparts       Ice            36%        1d5       10%         3
d - Blade Hands           Tmut           19%        N/A       10%         5
q - Apportation           Tloc           16%        N/A       11%         1

Your spell library contained the following spells:

 Spells                   Type           Power      Damage    Failure   Level
 Passwall                 Tmut/Erth      26%        N/A       1%          2
 Freeze                   Ice            72%        1d9       3%          1
 Ensorcelled Hibernation  Hex/Ice        22%        N/A       11%         2
 Animate Skeleton         Necr           8%         N/A       16%         1
 Slow                     Hex            16%        N/A       16%         1
 Summon Small Mammal      Summ           16%        N/A       16%         1
 Hailstorm                Conj/Ice       18%        3d6       30%         4
 Portal Projectile        Hex/Tloc       12%        N/A       36%         3
 Swiftness                Air            4%         N/A       43%         3
 Iskenderun's Battlesphe  Conj           18%        2d7       65%         5
 Fireball                 Conj/Fire      5%         3d5       89%         5
 Excruciating Wounds      Necr           2%         N/A       99%         5
 Conjure Ball Lightning   Conj/Air       5%         3x3d6     100%        6
 Malign Gateway           Summ/Tloc      3%         N/A       100%        7
 Orb of Destruction       Conj           9%         9d6       100%        7
 Summon Horrible Things   Summ           2%         N/A       100%        8


Dungeon Overview and Level Annotations

Branches:
Dungeon (9/15)             Temple (0/1) D:5            Lair (0/6) D:8
  Sewer (visited)          Bailey (visited)
    Orc: D:9-12

Altars:
Fedhas
Qazlal
Vehumet
Xom
Zin

Shops:
D:7 *(([

Annotations:
D:7 2 transporters, Ajdolov's ghost, novice GnWn


Innate Abilities, Weirdness & Mutations

You are resistant to damage.
Your large and strong wings let you fly.
You passively map the area around you.
You regenerate magic rapidly.
You are easily found by Zot.
Armour fits poorly on your strangely shaped body.


Message History

The yak is almost dead.
The frozen ramparts melt away.
The meliai hits you!
The meliai stings you but does no damage.
The meliai hits you but does no damage. The meliai completely misses you.
The meliai hits you. The meliai completely misses you.
Fire: L) +7 fustibalus "Reogecs" {vorpal, rC++ Stlth-}
Press: ? - help, Q - select action, (/) - cycle Shift-Dir - straight line, f/p - meliai
Aim: a meliai (moderately wounded, 55% to hit)
You shoot a sling bullet. The sling bullet hits the meliai!
The meliai is severely wounded.
The meliai invokes the aid of its god against you.
Something smites you! The meliai hits you but does no damage.
The meliai barely misses you.
The meliai invokes the aid of its god against you.
Something smites you!
* * * LOW HITPOINT WARNING * * *
Unknown command.
Okay, then.
Casting: Frozen Ramparts (dangerous; 10% risk of failure)
Confirm with . or Enter, or press ? or * to list all spells.
Aiming: Sandblast (safe; 1% risk of failure)
Press: ? - help, Shift-Dir - straight line, f/p - meliai
Aim: a meliai (severely wounded, 71% to hit)
The blast of sand hits the meliai!
You kill the meliai!
The yak returns to its original shape as it dies.
t - 125 stones
Casting: Sandblast (safe; 1% risk of failure)
Confirm with . or Enter, or press ? or * to list all spells.
You miscast Frozen Ramparts.
You are very lightly contaminated with residual magic.
Nothing appears to happen.
The yak gores you!
* * * LOW HITPOINT WARNING * * *
Unknown command.
Unknown command.
Casting: Frozen Ramparts (dangerous; 10% risk of failure)
Confirm with . or Enter, or press ? or * to list all spells.
The walls around you are covered in ice.
The wall freezes the yak.
You kill the yak!
The wall freezes the yak. x2
You kill the yak!
Your Transmutations skill increases to level 9!
Unknown command.
Okay, then.
Fire: L) +7 fustibalus "Reogecs" {vorpal, rC++ Stlth-}
Press: ? - help, Q - select action, (/) - cycle Shift-Dir - straight line, f - yak
Aim: a yak (lightly wounded, 76% to hit)
You shoot a sling bullet. The sling bullet hits the yak!
The yak is severely wounded.
Xom alters the dungeon around you.
The stone staircase leading down moves from beneath you!
The stone staircase leading down slides away from you!
The wall freezes the yak.
The yak barely misses you.
Fire: L) +7 fustibalus "Reogecs" {vorpal, rC++ Stlth-}
Press: ? - help, Q - select action, (/) - cycle Shift-Dir - straight line, f/p - yak
Aim: a yak (severely wounded, 76% to hit)
You shoot a sling bullet. The sling bullet hits the yak.
The yak is almost dead.
The wall freezes the yak.
You kill the yak!
The wall freezes the yak. x2; The yak barely misses you.
Fire: L) +7 fustibalus "Reogecs" {vorpal, rC++ Stlth-}
Press: ? - help, Q - select action, (/) - cycle Shift-Dir - straight line, f - yak
Aim: a yak (lightly wounded, 76% to hit)
You shoot a sling bullet. The sling bullet barely misses the yak.
The wall freezes the yak.
The yak barely misses you.
The wall freezes the yak.
The yak gores you.
Fire: L) +7 fustibalus "Reogecs" {vorpal, rC++ Stlth-}
Press: ? - help, Q - select action, (/) - cycle Shift-Dir - straight line, f/p - yak
Aim: a yak (moderately wounded, 76% to hit)
You shoot a sling bullet. The sling bullet hits the yak!
The yak is heavily wounded.
The wall freezes the yak.
The yak misses you.
Your magical contamination has completely faded away.
Fire: L) +7 fustibalus "Reogecs" {vorpal, rC++ Stlth-}
Press: ? - help, Q - select action, (/) - cycle Shift-Dir - straight line, f/p - yak
Aim: a yak (heavily wounded, 76% to hit)
You shoot a sling bullet. The sling bullet hits the yak!
The yak is severely wounded.
The wall freezes the yak.
The yak misses you.
The wall freezes the yak.
The yak gores you!
* * * LOW HITPOINT WARNING * * *
Fire: L) +7 fustibalus "Reogecs" {vorpal, rC++ Stlth-}
Press: ? - help, Q - select action, (/) - cycle Shift-Dir - straight line, f/p - yak
Aim: a yak (almost dead, 76% to hit)
You shoot a sling bullet. The sling bullet barely misses the yak.
The frozen ramparts melt away.
The yak gores you!
* * * LOW HITPOINT WARNING * * *
The yak gores you!
* * * LOW HITPOINT WARNING * * *
Unknown command.
Okay, then.
Fire: L) +7 fustibalus "Reogecs" {vorpal, rC++ Stlth-}
Press: ? - help, Q - select action, (/) - cycle Shift-Dir - straight line, f/p - yak
Aim: a yak (almost dead, 76% to hit)
You shoot a sling bullet.
The sling bullet closely misses the yak.
The yak gores you!
You die...

, **, ** *### , ,
,... * , , , , ...
,., , * * ...* , ..
, , , ,, ####.#
###... ,, *
...?.†###.... _
*,,, * *#..Y...## *
* ###@...### * ,,
###.......... ,
#####..>##.##.### ,
,
########.)...###*.#
.. , , ,
...##...)##### .< #
... , ......####*
*##., ... *
...#####..., . ,,
.. .........#* , .
#.# ...#######*,#
**... * .#..


You could see a yak.

Vanquished Creatures
  Pikel (D:8)
  A gargoyle (D:6)
  A meliai (D:9)
  6 yaks
  A wyvern (D:6)
  A steam dragon (D:6)
  5 water moccasins
  2 orc warriors
  A sky beast (D:7)
  2 black bears (D:8)
  An ogre (D:4)
  2 centaurs
  3 lemures (D:8)
  A phantom (D:5)
  4 kobold brigands (Bailey)
  4 bullfrogs
  3 necrophages
  4 scorpions
  6 killer bees (D:7)
  3 orc priests
  A gnoll shaman (D:9)
  2 hounds
  2 jellies (Sewer)
  5 orc wizards
  8 gnolls
  6 adders
  2 river rats
  A shadow imp (D:7)
  A white imp (D:5)
  3 worms
  A dart slug (D:1)
  26 orcs
  10 endoplasms
  4 giant cockroaches
  4 goblins
  3 hobgoblins
  6 jackals
  16 kobolds
  A quokka (D:5)
  3 ball pythons
  3 bats
  4 frilled lizards
  3 rats
167 creatures vanquished.

Vanquished Creatures (collateral kills)
  An orc knight (Bailey)
  2 orc warriors
  3 kobold brigands (Bailey)
  A bullfrog (D:7)
  A necrophage (D:7)
  A jelly (D:7)
  An orc wizard (D:7)
  3 orcs (D:7)
13 creatures vanquished.

Vanquished Creatures (others)
  34 fungi
  17 plants (D:8)
  16 toadstools
67 creatures vanquished.

Grand Total: 247 creatures vanquished

Notes
Turn   | Place    | Note
-------+----------+-------------------------------------------
     0 | D:1      | Flugkiller the Mayflytaur Chaos Knight began the quest for
                  | the Orb.
     0 | D:1      | Reached XP level 1. HP: 21/21 MP: 2/2
    63 | D:1      | Found a faded altar of an unknown god.
    71 | D:1      | Got Plato's Compendium of Enchantment
    83 | D:1      | Reached XP level 2. HP: 27/28 MP: 3/3
    99 | D:1      | Glimpsed the power of Zot.
   136 | D:2      | XOM: divination: detect items
   199 | D:2      | Glimpsed the power of Zot.
   283 | D:2      | Reached XP level 3. HP: 36/36 MP: 4/4
   427 | D:2      | Learned a level 1 spell: Apportation
   537 | D:3      | Reached skill level 1 in Spellcasting
   544 | D:3      | XOM: potion effect (curing)
   558 | D:3      | Reached XP level 4. HP: 11/45 MP: 5/8
   616 | D:3      | XOM: divination: magic mapping
   624 | D:3      | Learned a level 1 spell: Sandblast
   791 | D:2      | Glimpsed the power of Zot.
   842 | D:3      | Found a glowing silver altar of Zin.
   859 | D:3      | Found a stormy altar of Qazlal.
  1001 | D:4      | Noticed an ogre
  1017 | D:4      | Killed an ogre
  1018 | D:4      | Reached skill level 1 in Translocations
  1018 | D:4      | Reached skill level 1 in Earth Magic
  1018 | D:4      | Reached XP level 5. HP: 51/51 MP: 8/10
  1038 | D:4      | XOM: potion effect (invisibility)
  1076 | D:4      | Gained mutation: You regenerate magic rapidly. [Mayflytaur
                  | growth]
  1076 | D:4      | Reached XP level 6. HP: 58/60 MP: 8/11
  1200 | D:5      | Entered Level 5 of the Dungeon
  1205 | D:5      | Found a shimmering altar of Xom.
  1239 | D:5      | Found a staircase to the Ecumenical Temple.
  1318 | D:5      | XOM: divination: detect creatures
  1326 | D:5      | Reached XP level 7. HP: 60/66 MP: 5/14
  1359 | D:5      | XOM: cast spell 'Dispersal'
  1372 | D:5      | XOM: divination: magic mapping
  1375 | D:5      | Reached skill level 5 in Earth Magic
  1508 | D:5      | Found a glowing drain.
  1513 | D:5      | Learned a level 3 spell: Stone Arrow
  1518 | Sewer    | Entered a sewer
  1598 | Sewer    | Reached skill level 1 in Conjurations
  1618 | Sewer    | Glimpsed the power of Zot.
  1631 | Sewer    | Found a viscous altar of Jiyva.
  1775 | D:4      | XOM: polymorph kobold -> bat
  1905 | D:6      | XOM: noise
  1907 | D:6      | Noticed a steam dragon
  1913 | D:6      | Killed a steam dragon
  1914 | D:6      | Reached skill level 5 in Spellcasting
  1914 | D:6      | Reached XP level 8. HP: 73/73 MP: 12/16
  1914 | D:6      | XOM: 1-stop teleportation journey
  1919 | D:6      | Noticed a gargoyle
  1925 | D:6      | XOM: enchant monster (good)
  1945 | D:6      | Killed a gargoyle
  1950 | D:6      | Learned a level 3 spell: Frozen Ramparts
  1952 | D:6      | XOM: 1-stop teleportation journey
  1977 | D:6      | Noticed a wyvern
  1984 | D:6      | XOM: smoke on damage
  1987 | D:6      | Killed a wyvern
  2191 | D:7      | Found Macluck's Antique Weapon Shop.
  2202 | D:7      | Reached skill level 5 in Fighting
  2202 | D:7      | Reached skill level 1 in Unarmed Combat
  2219 | D:7      | Gained mutation: You passively map the area around you.
                  | [Mayflytaur growth]
  2219 | D:7      | Reached XP level 9. HP: 58/81 MP: 6/17
  2221 | D:7      | Reached skill level 5 in Unarmed Combat
  2226 | D:7      | Bought a glowing broad axe for 147 gold pieces
  2255 | D:7      | XOM: cloud trail
  2315 | D:7      | Found Buto's Overcharged Wands.
  2318 | D:7      | Found a transporter.
  2366 | D:7      | Reached skill level 5 in Dodging
  2368 | D:7      | Noticed Ajdolov's ghost (novice GnWn)
  2382 | D:7      | Found a flagged portal.
  2389 | D:7      | Found a transporter.
  2391 | Bailey   | Entered a bailey
  2411 | Bailey   | Reached skill level 5 in Axes
  2412 | Bailey   | XOM: chaos upgrade
  2440 | Bailey   | Identified the +7 fustibalus "Reogecs" {vorpal, rC++
                  | Stlth-}
  2485 | Bailey   | Glimpsed the power of Zot.
  2487 | Bailey   | Noticed an orc knight
  2488 | Bailey   | Found an iron altar of Okawaru.
  2488 | Bailey   | XOM: swap monsters
  2489 | Bailey   | XOM: polymorph orc -> glowing shapeshifter
  2490 | Bailey   | XOM: smoke on damage
  2492 | Bailey   | Identified the ring of Irghuzea {rC+ rN+ Will+ Dex+5
                  | Stlth-}
  2505 | Bailey   | Reached skill level 1 in Evocations
  2513 | Bailey   | Killed an orc knight
  2520 | Bailey   | Learned a level 5 spell: Blade Hands
  2558 | D:7      | Reached XP level 10. HP: 57/94 MP: 14/18
  2561 | D:7      | Reached skill level 1 in Transmutations
  2565 | D:7      | Reached skill level 2 in Transmutations
  2567 | D:7      | Found Moisoc's Weapon Shop.
  2584 | D:7      | Reached skill level 3 in Transmutations
  2637 | D:7      | Found Xagis's Armour Emporium.
  2725 | D:8      | Reached skill level 4 in Transmutations
  2726 | D:8      | Found a radiant altar of Vehumet.
  2828 | D:8      | Reached skill level 5 in Transmutations
  2831 | D:8      | Found a staircase to the Lair.
  2853 | D:8      | XOM: 1-stop teleportation journey
  2862 | D:8      | Found a blossoming altar of Fedhas.
  2862 | D:8      | XOM: 8-stop teleportation journey
  2868 | D:8      | XOM: give mutation
  2868 | D:8      | Gained mutation: Armour fits poorly on your strangely
                  | shaped body. [Xom's mischief]
  2872 | D:8      | Reached skill level 6 in Transmutations
  2949 | D:8      | Noticed Pikel
  2956 | D:8      | XOM: summons 2 hostile demons
  2957 | D:8      | Noticed an orange demon
  2969 | D:8      | XOM: enchant monster (bad)
  2969 | D:8      | Killed Pikel
  2970 | D:8      | Reached skill level 7 in Transmutations
  3072 | D:9      | Reached skill level 8 in Transmutations
  3111 | D:9      | XOM: polymorph yak -> meliai
  3117 | D:9      | Reached skill level 9 in Transmutations
  3117 | D:9      | XOM: repel stairs
  3122 | D:9      | HP: 3/94 [yak (9)]
  3123 | D:9      | Slain by a yak

Illustrated notes

Levels and vault maps discovered:
D:1:      psy_arrival_radial02, layout_rooms,
          shapermc_ecumenical_altar_rom_forum
D:2:      cheibrodos_fertilizer, layout_basic
D:3:      layout_basic, nicolae_overflow_hidden_temple, minivault_4,
          minmay_door_square, chequers_serial_rivers_small_a, bh_walls_and_bars
D:4:      layout_rooms, kennysheep_ying_yang, kennysheep_cross_room,
          wad_orctagon, uniq_eustachio
D:5:      layout_loops_ring, lemuel_crystal_altar,
          minmay_temple_entry_glassed_door, gup_sewer_entry_bubbles,
          minmay_gold_behind_fungi
D:6:      minmay_evil_eye, layout_loops_corners,
          lemuel_mausoleum_altar_kikubaaqudgha
D:7:      layout_basic, okawaru_altar_gauntlet_db, enter_bailey_2,
          gammafunk_ghost_stat_death, serial_shops, shop_statue,
          nicolae_shop_waterfront, shop, nicolae_shop_overcharged_wands
D:8:      layout_basic, old_standard_altar, mainiacjoe_overflow_cross_hatched,
          due_lair_maze_entry_diamond, gammafunk_ghost_nasty_kobolds,
          kennysheep_just_a_vault, uniq_pikel
D:9:      layout_rooms, overflow_temple_1_default, minmay_variable_closet

Skill      XL: |  1  2  3  4  5  6  7  8  9 10 |
---------------+-------------------------------+-----
Fighting       | 4 5 7 |  7.0
Spellcasting   | 2 3 4 5 |  5.0
Dodging        | 2 3 4 5 |  5.0
Translocations | 1 |  1.0
Earth Magic    | 1 2 4 5 6 |  6.0
Conjurations   | 3 4 |  4.0
Ice Magic      | 4 |  4.0
Unarmed Combat | 4 7 |  7.2
Axes           | 5 |  5.0
Evocations     | 3 |  3.0
Transmutations | 9 |  9.4
Armour         | |  2.1

Action                   |  1- 3 |  4- 6 |  7- 9 | 10-12 || total
-------------------------+-------+-------+-------+-------++-------
Melee: Hand axe          |    77 |     4 |       |       ||    81
       Dagger            |    11 |    80 |    92 |       ||   183
       Punch             |       |       |     3 |       ||     3
       Broad axe         |       |       |    26 |       ||    26
 Fire: Fustibalus        |       |       |     9 |   103 ||   112
 Cast: Apportation       |       |    11 |    23 |     4 ||    38
       Sandblast         |       |    20 |    56 |     2 ||    78
       Stone Arrow       |       |       |     9 |       ||     9
       Frozen Ramparts   |       |       |     6 |    16 ||    22
Evoke: Piece from Xom's  |     1 |     2 |     7 |       ||    10
  Use: Potion            |     1 |       |     5 |       ||     6
       Scroll            |       |     2 |     6 |     2 ||    10
 Stab: Petrifying        |     1 |       |       |       ||     1
       Paralysed         |       |     4 |       |       ||     4
       Invisible         |       |     2 |       |       ||     2
       Sleeping          |       |       |     2 |       ||     2
Armor: Leather armour    |    34 |    17 |    59 |    71 ||   181
       Chain mail        |    16 |       |       |       ||    16
Dodge: Dodged            |    55 |    42 |   157 |   120 ||   374

Table legend: (Time is in decaauts)
 A = Elapsed time spent in this place.
 B = Non-inter-level travel time spent in this place.
 C = Inter-level travel time spent in this place.
 D = Time resting spent in this place.
 E = Time spent auto-exploring this place.
 F = Levels seen in this place.
 G = Mean time per level.
                   A        B        C        D        E       F      G
               +--------+--------+--------+--------+--------+-----+--------+
         Total |   3204 |   3084 |    120 |     37 |      0 |  11 |  291.3 |
       Dungeon |   2864 |   2744 |    120 |      0 |      0 |   9 |  318.2 |
         Sewer |    184 |    184 |      0 |      0 |      0 |   1 |  184.0 |
        Bailey |    156 |    156 |      0 |     37 |      0 |   1 |  156.0 |
               +--------+--------+--------+--------+--------+-----+--------+

Top non-repeatable levels by time:
     D:3: 491 daAuts
     D:5: 461 daAuts
     D:8: 412 daAuts
     D:2: 383 daAuts
     D:7: 340 daAuts
     D:4: 280 daAuts
     D:6: 267 daAuts
   Sewer: 184 daAuts
  Bailey: 156 daAuts
     D:1: 116 daAuts
     D:9: 109 daAuts
